 Dungeon Crawl Stone Soup version 0.18.1-48-g4cf74bf (webtiles) character file.

7594 Peloso the Protected (level 10, -15/90 HPs)
             Began as a Minotaur Fighter on July 4, 2016.
             Was an Elder of Okawaru.
             Killed from afar by a gargoyle (20 damage)
             ... with a stone arrow
             ... on level 9 of the Dungeon on July 5, 2016.
             The game lasted 00:31:38 (8991 turns).

Peloso the Protected (Minotaur Fighter)             Turns: 8991, Time: 00:31:38

Health: -15/90     AC: 15    Str: 22    XL:     10   Next: 97%
Magic:  9/9        EV: 11    Int:  5    God:    Okawaru [****..]
Gold:   745        SH: 12    Dex: 16    Spells: 0 memorised, 9 levels left

rFire  . . .     SeeInvis .     M - +4 long sword (freeze)
rCold  . . .     Gourm    .     n - +1 chain mail
rNeg   + . .     Faith    .     c - +0 shield
rPois  +         Spirit   .     (helmet restricted)
rElec  +         Dismiss  .     (no cloak)
rCorr  .         Reflect  .     O - +0 pair of gloves
SustAt .         Harm     .     R - +0 pair of boots
MR     .....                    (no amulet)
Stlth  ..........               z - ring of positive energy
                                A - +4 ring of dexterity

@: not resistant to hostile enchantments, extremely unstealthy
A: retaliatory headbutt, horns 2, poison resistance, electricity resistance
a: Heroism, Renounce Religion


You were on level 9 of the Dungeon.
You worshipped Okawaru.
Okawaru was greatly pleased with you.
You were not hungry.

You visited 2 branches of the dungeon, and saw 11 of its levels.
You also visited: Ossuary.

You collected 745 gold pieces.

Inventory:

Hand Weapons
 a - a +0 long sword
 D - the +6 mace of Painful Death {pain, rN+}
   (You found it on level 4 of the Dungeon)

   In the hands of one skilled in necromantic magic, it inflicts extra damage on
   living creatures.
   It protects you from negative energy.
 M - a +4 long sword of freezing (weapon)
Armour
 c - a +0 shield (worn)
 n - a +1 chain mail (worn)
 O - a +0 pair of gloves (worn)
 R - a +0 pair of boots (worn)
Jewellery
 u - an uncursed amulet of harm
 z - a ring of positive energy (right hand)
 A - a +4 ring of dexterity (left hand)
 P - an uncursed ring of protection from cold
Wands
 m - a wand of lightning (4/15)
 w - a wand of polymorph (11/24)
 y - a wand of paralysis (9/24)
 I - a wand of polymorph (10/24)
 J - a wand of lightning (13/15)
Scrolls
 b - 2 scrolls of enchant weapon
 g - a scroll of enchant armour
 h - 5 scrolls of identify
 j - 2 scrolls of teleportation
 o - a scroll of magic mapping
 p - 2 scrolls of blinking
 v - 7 scrolls of remove curse
 x - a scroll of recharging
 B - a scroll of fear
 L - a scroll of amnesia
 Q - a scroll of immolation {unknown}
Potions
 d - 2 potions of might
 e - 2 potions of magic
 k - 4 potions of cancellation
 l - 4 potions of agility
 r - 2 potions of brilliance
 s - 2 potions of cure mutation
 t - 5 potions of curing
 C - 2 potions of heal wounds
 F - 4 potions of flight
 G - a potion of berserk rage
 K - a potion of haste
Comestibles
 f - 5 bread rations
 i - 3 beef jerkies
 q - 4 meat rations
 E - a slice of pizza
 H - 2 royal jellies
 N - 4 fruits
 S - 10 chunks of flesh


   Skills:
 + Level 8.8 Fighting
 + Level 10.1 Long Blades
 + Level 10.9 Armour
 + Level 6.0 Dodging
 + Level 1.4 Stealth
 + Level 10.2 Shields


You had 9 spell levels left.
You didn't know any spells.

Dungeon Overview and Level Annotations

Branches:
Dungeon (10/15)            Temple (1/1) D:6            Lair (0/8) D:8
    Orc: D:9-12

Altars:
Ashenzari
Cheibriados
Dithmenos
Elyvilon
Fedhas
Gozag
Kikubaaqudgha
Makhleb
Nemelex Xobeh
Okawaru
Pakellas
Qazlal
Ru
Sif Muna
Trog
Vehumet
Xom
Yredelemnul
Zin
The Shining One

Shops:
D:4 (   D:5 (   D:9 =(%


Innate Abilities, Weirdness & Mutations

You reflexively headbutt those who attack you in melee.
You have a pair of horns on your head.
Your system is resistant to poisons.
You are resistant to electric shocks.


Message History

You hit the gargoyle but do no damage.
The gargoyle is heavily damaged.
You fail to use your ability.
The gargoyle hits you with a flail.
* * * LOW HITPOINT WARNING * * *
You hit the gargoyle but do no damage. You headbutt the gargoyle!
The gargoyle is almost destroyed.
The gargoyle closely misses you.
Unknown command.
You hit the gargoyle but do no damage.
You headbutt the gargoyle, but do no damage.
The gargoyle is almost destroyed.
The gargoyle hurls a stone arrow at you.
The stone arrow hits you!
* * * LOW HITPOINT WARNING * * *
Unknown command.
You barely miss the gargoyle.
The gargoyle is almost destroyed.
The gargoyle hurls a stone arrow at you.
The stone arrow hits you!
You die...

####.#..#.................#
.###...##.................#
..........................#
.#######..................#
....####..................#
.........................##
##..#####...............##
..#...###.............###
#.###...........@##.#.#
#...#########..9)##.#.#######
###......# ###..[..........#
######## #..############ ##.#
###


You could see a gargoyle.

Vanquished Creatures
  A hill giant (D:9)
  Pikel (D:7)
  Joseph (D:8)
  The ghost of Gravoth the Sneak, a novice HuAr (Ossuary)
  Prince Ribbit (D:8)
  Sigmund (D:5)
  A wyvern (D:8)
  5 yaks (D:9)
  Grum (D:8)
  A steam dragon (D:6)
  3 hippogriffs
  2 sky beasts
  Duvessa (D:6)
  A slave (D:7)
  2 orc warriors
  4 ice beasts
  A black bear (D:7)
  A phantom (D:8)
  A wasp (D:8)
  2 ogres
  4 wolves (D:8)
  7 centaurs
  A giant frog (D:7)
  A gnoll sergeant (D:6)
  Blork the orc (D:6)
  Dowan (D:6)
  13 wights
  A howler monkey (D:4)
  4 crimson imps
  2 jellies
  3 hounds
  2 orc priests
  2 giant frog skeletons
  Jessica (D:2)
  2 iguanas
  Natasha (thrice) (D:3)
  6 orc wizards
  4 worker ants
  A hound skeleton (D:8)
  8 mummies (Ossuary)
  A howler monkey zombie (D:5)
  11 gnolls
  8 adders
  A shadow imp (D:5)
  3 worms
  2 dart slugs
  5 giant geckos
  17 orcs
  8 bats
  5 giant cockroaches
  A gnoll zombie (Ossuary)
  16 goblins
  9 hobgoblins
  9 jackals
  12 kobolds
  3 quokkas
  2 ball pythons
  A giant gecko zombie (D:6)
  5 giant newts
  A hobgoblin zombie (Ossuary)
  A jackal zombie (D:7)
  3 kobold zombies (Ossuary)
  3 orc zombies (Ossuary)
  9 rats
  A spectral orc (D:3)
  A plant (D:2)
237 creatures vanquished.

Vanquished Creatures (others)
  Menkaure (D:7)
  A slave (D:7)
  A hound (D:7)
  An orc (D:7)
  A giant newt (D:7)
  A plant (D:2)
6 creatures vanquished.

Grand Total: 243 creatures vanquished

Notes
Turn   | Place    | Note
--------------------------------------------------------------
     0 | D:1      | Peloso the Minotaur Fighter began the quest for the Orb.
     0 | D:1      | Reached XP level 1. HP: 19/19 MP: 0/0
    82 | D:1      | Reached XP level 2. HP: 23/27 MP: 1/1
   553 | D:1      | Reached XP level 3. HP: 28/33 MP: 2/2
   701 | D:2      | Found a shimmering altar of Xom.
   701 | D:2      | Found a burning altar of Makhleb.
   742 | D:2      | Found a sacrificial altar of Ru.
   933 | D:2      | Noticed Jessica
   935 | D:2      | Killed Jessica
   935 | D:2      | Reached XP level 4. HP: 40/40 MP: 3/3
  1162 | D:2      | Reached skill level 1 in Dodging
  1948 | D:2      | Reached XP level 5. HP: 16/46 MP: 4/4
  1951 | D:2      | Reached skill level 5 in Armour
  2194 | D:3      | Noticed Natasha
  2200 | D:3      | Killed Natasha
  2204 | D:3      | Noticed Natasha
  2208 | D:3      | Killed Natasha
  2231 | D:3      | Reached skill level 5 in Shields
  2298 | D:3      | Found a basalt altar of Yredelemnul.
  2299 | D:3      | Noticed Natasha
  2312 | D:3      | Killed Natasha
  2356 | D:3      | Noticed an ice beast
  2371 | D:3      | Killed an ice beast
  2371 | D:3      | Reached XP level 6. HP: 34/55 MP: 5/5
  2540 | D:3      | Found a snail-covered altar of Cheibriados.
  2857 | D:3      | Found a bloodstained altar of Trog.
  3028 | D:4      | Found Vitatol's Antique Weapon Shoppe.
  3049 | D:4      | Reached skill level 5 in Fighting
  3280 | D:4      | Found a glowing silver altar of Zin.
  3434 | D:4      | Reached XP level 7. HP: 61/61 MP: 6/6
  3437 | D:4      | Found an ancient bone altar of Kikubaaqudgha.
  3439 | D:4      | Found an oddly glowing altar of Pakellas.
  3450 | D:4      | Got a scorched mace
  3451 | D:4      | Identified the +6 mace of Painful Death {pain, rN+} (You found it on level 4 of the Dungeon)
  3992 | D:5      | Entered Level 5 of the Dungeon
  4055 | D:5      | Found Ysmellet's Antique Weapon Boutique.
  4091 | D:5      | Noticed Sigmund
  4108 | D:5      | Killed Sigmund
  4108 | D:5      | Reached skill level 5 in Long Blades
  4425 | D:5      | Reached XP level 8. HP: 47/70 MP: 7/7
  5026 | D:6      | Noticed Duvessa
  5057 | D:6      | Killed Duvessa
  5083 | D:6      | Noticed Dowan
  5088 | D:6      | Killed Dowan
  5249 | D:6      | Reached XP level 9. HP: 50/78 MP: 8/8
  5522 | D:6      | Noticed Blork the orc
  5535 | D:6      | Killed Blork the orc
  5639 | D:6      | Found a staircase to the Ecumenical Temple.
  5648 | Temple   | Entered the Ecumenical Temple
  5658 | Temple   | Became a worshipper of Warmaster Okawaru
  5979 | D:7      | Gained mutation: Your system is resistant to poisons. [potion of beneficial mutation]
  5980 | D:7      | Gained mutation: You are resistant to electric shocks. [potion of beneficial mutation]
  5991 | D:7      | Found a sand-covered staircase.
  5992 | D:7      | Noticed Pikel
  6006 | D:7      | Killed Pikel
  6006 | D:7      | Reached skill level 5 in Dodging
  6021 | Ossuary  | Entered an ossuary
  6021 | Ossuary  | Noticed Gravoth's ghost (novice HuAr)
  6040 | Ossuary  | Killed Gravoth's ghost
  6040 | Ossuary  | Reached * piety under Okawaru
  6356 | D:7      | Found a stormy altar of Qazlal.
  6356 | D:7      | Found a blossoming altar of Fedhas.
  6440 | D:7      | Killed Menkaure
  6489 | D:7      | Found a sparkling altar of Nemelex Xobeh.
  6846 | D:7      | Reached XP level 10. HP: 88/88 MP: 9/9
  7268 | D:8      | Found an opulent altar of Gozag.
  7291 | D:8      | Noticed Prince Ribbit
  7297 | D:8      | Killed Prince Ribbit
  7393 | D:8      | Reached ** piety under Okawaru
  7464 | D:8      | Found a staircase to the Lair.
  7555 | D:8      | Noticed Grum
  7561 | D:8      | Reached skill level 1 in Stealth
  7565 | D:8      | Killed Grum
  7717 | D:8      | Noticed Joseph
  7735 | D:8      | Killed Joseph
  7735 | D:8      | Reached *** piety under Okawaru
  7735 | D:8      | Reached skill level 10 in Armour
  8103 | D:9      | Found Esimohas's Antique Weapon Emporium.
  8311 | D:9      | Reached skill level 10 in Shields
  8381 | D:9      | Found Udiynnur's Food Shoppe.
  8534 | D:9      | Found Maeseif's Jewellery Shop.
  8593 | D:10     | Entered Level 10 of the Dungeon
  8593 | D:10     | Noticed a gargoyle
  8692 | D:10     | Noticed a hill giant
  8852 | D:9      | Killed a hill giant
  8852 | D:9      | Reached **** piety under Okawaru
  8852 | D:9      | Reached skill level 10 in Long Blades
  8991 | D:9      | Killed from afar by a gargoyle

Skill      XL: |  1  2  3  4  5  6  7  8  9 10 |
---------------+-------------------------------+-----
Armour         | 4 5 6 7 9 10 | 10.9
Fighting       | 4 5 6 7 8 |  8.8
Shields        | 4 5 6 7 9 10 | 10.2
Dodging        | 1 2 3 4 5 6 |  6.0
Long Blades    | 3 4 5 7 8 10 | 10.1
Stealth        | 1 |  1.4

Action                   |  1- 3 |  4- 6 |  7- 9 | 10-12 || total
-------------------------+-------+-------+-------+-------++-------
Melee: Long sword        |    90 |   206 |   301 |   179 ||   776
       Headbutt          |    19 |    25 |    79 |    35 ||   158
Invok: Heroism           |       |       |       |     1 ||     1
  Use: Scroll            |       |     5 |    15 |     3 ||    23
       Potion            |       |       |     4 |       ||     4
  Eat: Chunk             |       |     9 |    11 |     7 ||    27
Armor: Scale mail        |    29 |       |       |       ||    29
       Chain mail        |     5 |   133 |   110 |    70 ||   318
Dodge: Dodged            |    27 |    55 |    85 |    62 ||   229
Block: Shield            |    44 |   128 |   162 |   104 ||   438
